 Dungeon Crawl Stone Soup version 0.20-a0-1116-gaa52201 (webtiles) character file.

1282 Monsterracer the Geomancer (level 8, 0/44 HPs)
             Began as a Gargoyle Earth Elementalist on May 8, 2017.
             Was a Follower of Vehumet.
             Killed by divine providence
             ... invoked by an orc priest
              (12 damage)
             ... on level 5 of the Dungeon.
             The game lasted 00:17:01 (5175 turns).

Monsterracer the Geomancer (GrEE)                   Turns: 5175, Time: 00:17:02

Health: 0/44       AC:  9    Str: 12    XL:     8   Next: 54%
Magic:  1/13       EV: 12    Int: 18    God:    Vehumet [*.....]
Gold:   142        SH:  0    Dex: 10    Spells: 5/16 levels left

rFire    . . .     SeeInvis +   j - +5 flail (drain)
rCold    . . .     Gourm    .   (no shield)
rNeg     + . .     Faith    .   c - +0 robe
rPois    ∞         Spirit   .   (no helmet)
rElec    +         Reflect  .   m - +1 cloak of Xetagosm {SInv}
rCorr    .         Harm     .   (no gloves)
MR       .....     Clarity  +   (no boots)
Stlth    ++........             (no amulet)
Regen    0.6/turn               k - ring of wizardry
MPRegen  0.2/turn               (no ring)

@: no status effects
A: hooves 1, clarity, low mp 1, negative energy resistance 1, regeneration 1,
electricity resistance, unbreathing, petrification resistance, rot immunity, AC
+5
a: Renounce Religion


You were on level 5 of the Dungeon.
You worshipped Vehumet.
Vehumet was aware of your devotion.
You were hungry.

You visited 2 branches of the dungeon, and saw 6 of its levels.

You collected 142 gold pieces.

Inventory:

Hand Weapons
 e - a +0 quarterstaff
 j - a +5 flail of draining (weapon)
 n - a +1 mace of protection
Missiles
 b - 30 stones (quivered)
Armour
 c - a +0 robe (worn)
 m - the +1 cloak of Xetagosm (worn) {SInv}
   (You found it on level 4 of the Dungeon)

   It lets you see invisible.
Jewellery
 k - a ring of wizardry (left hand)
 o - an uncursed ring of see invisible
Scrolls
 f - 6 scrolls of remove curse
 h - 3 scrolls of identify
Comestibles
 d - 7 bread rations
 g - a chunk of flesh
 i - a meat ration
 l - a royal jelly


   Skills:
 + Level 1.6 Fighting
 - Level 1.3(1.4) Maces & Flails
 + Level 0.6(1.1) Staves
 + Level 2.0 Dodging
 - Level 2.1 Stealth
 + Level 4.7 Spellcasting
 + Level 4.8 Conjurations
 - Level 0.7 Transmutations
 * Level 9.0 Earth Magic


You had 5 spell levels left.
You knew the following spells:

 Your Spells              Type           Power        Failure   Level  Hunger
a - Sandblast             Erth           #####.       1%          1    None
b - Passwall              Tmut/Erth      ###.......   1%          2    #......
c - Stone Arrow           Conj/Erth      ####..       1%          3    ###....
d - Lee's Rapid Deconstr  Erth           #####.....   3%          5    ######.


Dungeon Overview and Level Annotations

Branches:
Dungeon (5/15)             Temple (1/1) D:4

Altars:
Ashenzari
Cheibriados
Dithmenos
Elyvilon
Fedhas
Gozag
Kikubaaqudgha
Makhleb
Nemelex Xobeh
Okawaru
Qazlal
Ru
Sif Muna
Trog
Uskayaw
Vehumet
Wu Jian
Yredelemnul
The Shining One

Annotations:
D:5 Duvessa


Innate Abilities, Weirdness & Mutations

You are resistant to torment.
Your stone body is resilient. (AC +5)
You are immune to poison.
You resist negative energy. (rN+)
You are resistant to electric shocks. (rElec)
You can survive without breathing.
You are immune to petrification.
You are immune to rotting.
You have large cloven feet.
You possess an exceptional clarity of mind.
Your magical capacity is low. (-10% MP)
Your natural rate of healing is unusually fast.


Message History

The blast of sand misses the crimson imp.
b - 30 stones The crimson imp blinks!
The crimson imp hits you but does no damage.
The orc priest calls down the wrath of Beogh upon you.
Beogh smites you!
Things that are here:
a mace of protection; an orc corpse
n - a mace of protection The crimson imp completely misses you.
The orc priest mumbles some strange prayers to Beogh against you.
Beogh smites you!
* * * LOW HITPOINT WARNING * * *
Wield which item (- for none, * to show all)? (? for menu, Esc to quit)
Okay, then.
Okay, then.
You feel better.
The crimson imp blinks!
The orc priest mumbles some strange prayers to Beogh against you.
Beogh smites you!
You die...

### #.#########
#..5.o....# #.
#.#######.# #.#
#.#######o# #.#
#.#..@§o5.# #.#
#o#.####### #.#
#5#. #.### #o#.
#....#######.##.
#...).e...o..o.#
#...########....
.....e.......# .
#...#..#e..


You could see an orc priest, a crimson imp and an orc.

Vanquished Creatures
  Eustachio (D:4)
  Menkaure (D:4)
  Edmund (D:4)
  2 ogres
  A black bear (D:2)
  Blork the orc (D:4)
  Dowan (D:5)
  3 orc priests
  A hound (D:5)
  5 orc wizards
  An iguana (D:5)
  2 worker ants (D:4)
  A hound skeleton (D:4)
  9 adders
  3 worms
  A dart slug (D:4)
  5 leopard geckos
  13 orcs
  2 ball pythons
  4 giant cockroaches
  10 goblins
  5 hobgoblins
  7 jackals
  6 kobolds
  6 bats
  3 frilled lizards
  6 rats
101 creatures vanquished.

Notes
Turn   | Place    | Note
-------+----------+-------------------------------------------
     0 | D:1      | Monsterracer the Gargoyle Earth Elementalist began the quest for the Orb.
     0 | D:1      | Reached XP level 1. HP: 10/10 MP: 3/3
   134 | D:1      | Reached skill level 4 in Earth Magic
   141 | D:1      | Reached XP level 2. HP: 10/15 MP: 0/5
   145 | D:1      | Learned a level 2 spell: Passwall
   515 | D:1      | Reached XP level 3. HP: 19/19 MP: 3/6
   520 | D:1      | Learned a level 3 spell: Stone Arrow
  1543 | D:2      | Reached skill level 5 in Earth Magic
  1544 | D:2      | Found an opulent altar of Gozag.
  1685 | D:3      | Reached XP level 4. HP: 24/24 MP: 2/7
  2002 | D:3      | Reached skill level 1 in Conjurations
  2121 | D:3      | Found a faded altar of an unknown god.
  2212 | D:3      | Noticed a black bear
  2239 | D:2      | Killed a black bear
  2239 | D:2      | Reached XP level 5. HP: 20/28 MP: 0/9
  2333 | D:3      | Reached skill level 6 in Earth Magic
  2728 | D:3      | Reached XP level 6. HP: 32/32 MP: 0/10
  2986 | D:4      | Found a staircase to the Ecumenical Temple.
  2992 | Temple   | Entered the Ecumenical Temple
  3027 | Temple   | Became a worshipper of Vehumet
  3327 | D:4      | Gained mutation: Your magical capacity is low. (-10% MP) [potion of mutation]
  3327 | D:4      | Gained mutation: Your natural rate of healing is unusually fast. [potion of mutation]
  3327 | D:4      | Gained mutation: You have large cloven feet. [potion of mutation]
  3327 | D:4      | Gained mutation: You possess an exceptional clarity of mind. [potion of mutation]
  3490 | D:4      | Noticed Eustachio
  3496 | D:4      | Killed Eustachio
  3496 | D:4      | Reached skill level 7 in Earth Magic
  3496 | D:4      | Reached XP level 7. HP: 21/36 MP: 0/11
  3527 | D:4      | Found a deep blue altar of Sif Muna.
  3594 | D:4      | Found a basalt altar of Yredelemnul.
  3601 | D:4      | Learned a level 5 spell: Lee's Rapid Deconstruction
  3687 | D:4      | Noticed Edmund
  3703 | D:4      | Killed Edmund
  3836 | D:4      | Got a shimmering cloak
  3842 | D:4      | Identified the +1 cloak of Xetagosm {SInv} (You found it on level 4 of the Dungeon)
  3900 | D:4      | Reached skill level 8 in Earth Magic
  3906 | D:4      | Noticed Blork the orc
  3932 | D:4      | Killed Blork the orc
  4337 | D:4      | Noticed Menkaure
  4340 | D:4      | Killed Menkaure
  4340 | D:4      | Reached XP level 8. HP: 34/41 MP: 3/13
  4541 | D:5      | Entered Level 5 of the Dungeon
  4595 | D:4      | Found a burning altar of Makhleb.
  4761 | D:5      | Reached skill level 1 in Fighting
  4768 | D:5      | Reached skill level 1 in Maces & Flails
  4768 | D:5      | Reached * piety under Vehumet
  4768 | D:5      | Offered knowledge of Flame Tongue by Vehumet.
  5013 | D:5      | Reached skill level 9 in Earth Magic
  5141 | D:5      | Noticed Duvessa
  5142 | D:5      | Noticed Dowan
  5148 | D:5      | Killed Dowan
  5175 | D:5      | Killed from afar by an orc priest

Vault maps used:
D:1:      dpeg_arrival_tiny_c
D:2:      nicolae_gozag_seed_capital
D:3:      chequers_ecumenical_altar_island
D:4:      lemuel_upstairs_altar, amethyst_overflow_temple_binary,
          minmay_temple_entry_fiery, uniq_blork_the_orc, uniq_edmund,
          uniq_menkaure, uniq_eustachio
D:5:      first_bread, abandoned_shop, hangedman_minor_gate_pass, uniq_duvessa
Temple:   minmay_crystal_spiral_temple

Skill      XL: |  1  2  3  4  5  6  7  8 |
---------------+-------------------------+-----
Earth Magic    | 4 5 6 7 8 9 |  9.0
Conjurations   | 2 3 4 |  4.8
Spellcasting   | 3 4 |  4.7
Fighting       | 1 |  1.6
Maces & Flails | 1 |  1.3
Dodging        | 2 |  2.0
Staves         | |  0.6
Stealth        | |  2.1
Transmutations | |  0.7

Action                   |  1- 3 |  4- 6 |  7- 9 || total
-------------------------+-------+-------+-------++-------
Melee: Club              |     8 |     5 |       ||    13
       Flail             |       |    14 |     1 ||    15
       Hand axe          |       |    17 |    16 ||    33
       Kick              |       |     2 |     3 ||     5
 Cast: Sandblast         |    42 |    29 |     7 ||    78
       Stone Arrow       |     2 |    27 |    33 ||    62
       Lee's Rapid Decon |       |       |     2 ||     2
  Use: Potion            |     6 |     2 |     3 ||    11
       Scroll            |       |     5 |     1 ||     6
 Stab: Sleeping          |     1 |       |     1 ||     2
  Eat: Chunk             |     2 |     9 |     8 ||    19
Armor: Robe              |     4 |    17 |    12 ||    33
Dodge: Dodged            |    14 |    32 |    14 ||    60
